Map: Troizinia LE

Players

WhoIs

  • Race: Zerg Zerg
  • Spawn Location: 5:00

MooEsqoo

  • Race: Protoss Protoss
  • Spawn Location: 3:00

Anubis

  • Race: Terran Terran
  • Spawn Location: 6:00

Ares

  • Race: Zerg Zerg
  • Spawn Location: 5:00

ZLO

  • Race: Zerg Zerg
  • Spawn Location: 9:00

helpy

  • Race: Zerg Zerg
  • League: Diamond
  • Spawn Location: 11:00

MIRLOIV

  • Race: Zerg Zerg
  • Spawn Location: 12:00

xxxDOCTORxxx

  • Race: Protoss Protoss
  • Spawn Location: 11:00

VOD

Have the link to the VOD?

Description

Time

  • Played on: Nov. 24, 2019, 11:54 p.m.
  • Length: 8:39
Show
View Real Time Build Order
Export as new Build Order

WhoIs Zerg 

Build Orders: Hatch First 

Get SALT Encoding   

  12  0:01  Drone  
  13  0:08  Drone  
  14  0:17  Overlord  
  14  0:43  Hatchery  
  14  0:45  Drone  
  14  0:51  Drone  
  14  0:53  Drone  
  16  0:57  Drone  
  17  1:13  Spawning Pool  
  17  1:16  Drone  
  17  1:20  Extractor  
  17  1:22  Drone, Extractor  
  16  1:31  Drone  
  17  1:42  Drone  
  18  1:52  Drone  
  19  1:56  Drone  
  19  1:59  Queen  
  22  2:01  Queen  
  21  2:15  Drone  
  21  2:21  Drone  
  22  2:25  Drone  
  23  2:31  Drone  
  24  2:43  Lair  
  24  2:46  Drone  
  24  2:50  Drone  
  26  2:52  Drone x2  
  28  3:00  Evolution Chamber  
  28  3:03  Drone  
  28  3:05  Evolution Chamber  
  27  3:09  Drone  
  28  3:12  Overlord  
  28  3:16  Metabolic Boost  
  28  3:19  Hatchery  
  27  3:23  Drone  
  28  3:27  Extractor  
  28  3:28  Drone  
  28  3:29  Extractor  
  28  3:31  Overlord x2  
  27  3:37  Zerg Melee Weapons Level 1  
  27  3:40  Zerg Ground Armor Level 1  
  27  3:52  Baneling Nest  
  27  3:53  Drone x6  
  32  4:00  Drone x3  
  35  4:06  Overlord  
  35  4:18  Zergling x4  
  36  4:35  Zergling x6  
  36  4:36  Zergling x10  
  31  4:41  Drone  
  25  4:47  Zergling x2  
  25  4:50  Drone  
  27  4:53  Drone  
  28  5:05  Drone x2  
  30  5:18  Drone x2  
  32  5:33  Zerg Melee Weapons Level 2  
  32  5:35  Drone x2  
  28  5:41  Drone x2  
  28  5:44  Drone  
  29  5:54  Zergling x2  
  29  5:55  Zergling x6  
  31  6:01  Zergling x2  
  32  6:08  Drone x2  
  34  6:20  Drone x2  
  34  6:27  Zergling x8  
  34  6:30  Zergling x2  
  39  6:35  Zergling x2  
  1  7:55  Drone x2  
  1  7:56  Drone  
  4  8:03  Spine Crawler  
  5  8:16  Drone x2  
Show
View Real Time Build Order
Export as new Build Order

MooEsqoo Protoss 

Build Orders: Oracle Opening 

Get SALT Encoding   

  12  0:01  Probe  
  13  0:13  Probe  
  14  0:27  Pylon  
  14  0:32  Probe  
  15  0:45  Probe  
  15  0:47  Gateway  
  16  0:58  Assimilator  
  16  1:00  Probe (Chrono Boost)  
  17  1:12  Probe (Chrono Boost)  
  18  1:19  Probe (Chrono Boost)  
  19  1:36  Cybernetics Core  
  19  1:47  Pylon  
  19  1:52  Nexus  
  19  2:03  Probe  
  19  2:07  Assimilator  
  20  2:12  Stalker (Chrono Boost)  
  20  2:13  Warp Gate (Chrono Boost)  
  22  2:27  Pylon  
  22  2:33  Probe  
  23  2:37  Stalker  
  25  2:45  Probe  
  26  2:54  Gateway  
  26  2:57  Stargate  
  26  3:04  Probe x2  
  28  3:05  Stalker (Chrono Boost)  
  30  3:16  Probe x2  
  32  3:27  Stalker  
  32  3:28  Probe x2  
  36  3:37  Assimilator  
  36  3:40  Probe x2  
  38  3:42  Assimilator  
  38  3:49  Oracle (Chrono Boost)  
  41  3:57  Stalker (Chrono Boost)  
  41  4:00  Gateway  
  43  4:04  Gateway  
  43  4:08  Pylon  
  43  4:10  Pylon, Stalker  
  43  4:12  Pylon  
  43  4:15  Pylon  
  43  4:16  Probe  
  43  4:17  Probe  
  47  4:18  Pylon  
  47  4:29  Probe x2  
  49  4:36  Stalker x2  
  53  4:57  Stalker  
  43  5:13  Probe  
  43  5:14  Probe  
  45  5:26  Probe x2 (Chrono Boost)  
  45  5:28  Stalker x4  
  55  5:38  Probe x2 (Chrono Boost)  
  57  5:44  Probe x2 (Chrono Boost)  
  57  5:47  Robotics Facility  
  59  5:52  Probe x2  
  61  6:04  Probe (Chrono Boost)  
  61  6:09  Probe (Chrono Boost)  
  61  6:11  Void Ray  
  67  6:14  Probe (Chrono Boost), Stalker  
  67  6:15  Stalker  
  67  6:16  Sentry  
  67  6:18  Probe (Chrono Boost)  
  75  6:19  Probe (Chrono Boost), Stalker  
  78  6:28  Probe  
  78  6:30  Probe  
  80  6:35  Observer (Chrono Boost)  
  81  6:40  Probe  
  81  6:42  Shield Battery  
  81  6:45  Robotics Bay  
  82  6:48  Probe  
  82  6:52  Probe  
  84  6:55  Stalker x2  
  84  6:56  Stalker x2  
  84  6:59  Colossus  
  84  7:00  Probe  
  93  7:04  Probe  
  94  7:37  Pylon  
  94  7:39  Pylon  
  94  7:43  Pylon  
  94  7:45  Pylon  
  94  7:46  Pylon  
  94  7:55  Void Ray  
  44  8:16  Stalker x3  
  46  8:24  Stalker  
Show
View Real Time Build Order
Export as new Build Order

Anubis Terran 

Build Orders:  

Get SALT Encoding   

Show
View Real Time Build Order
Export as new Build Order

Ares Zerg 

Build Orders: Pool First 

Get SALT Encoding   

  12  0:19  Spawning Pool  
  11  0:22  Drone  
  11  0:27  Drone  
  13  0:32  Extractor  
  12  0:39  Overlord  
  12  0:44  Drone  
  13  1:07  Zergling x6  
  16  1:12  Queen  
  18  1:19  Zergling x2  
  19  1:33  Metabolic Boost  
  19  1:36  Zergling x2  
  20  1:40  Zergling x2  
  21  1:55  Spine Crawler  
  20  2:08  Zergling x4  
  22  2:18  Overlord  
  22  2:38  Zergling x8  
  20  3:09  Zergling x6  
  20  3:10  Zergling x4  
  19  3:40  Lair  
  19  3:42  Zergling x8  
  23  3:54  Drone  
  23  4:31  Zergling x6  
  23  4:32  Zergling x2  
  27  5:00  Hatchery  
  26  5:09  Overlord  
  26  5:14  Drone x4, Extractor  
  26  5:54  Zergling x12  
  30  5:59  Baneling Nest  
  22  6:22  Drone  
  22  6:23  Queen  
  25  6:28  Drone  
  26  6:38  Spine Crawler  
  26  6:39  Drone  
  26  6:48  Zergling x14  
  27  6:57  Zergling x4  
  29  7:08  Spine Crawler  
  1  7:26  Drone x4  
  1  7:27  Drone  
    8:09  Drone x2  
Show
View Real Time Build Order
Export as new Build Order

ZLO Zerg 

Build Orders: Hatch First 

Get SALT Encoding   

  12  0:01  Drone  
  14  0:14  Drone  
  14  0:17  Overlord  
  14  0:38  Drone  
  14  0:39  Drone x2  
  17  0:50  Drone  
  18  0:59  Hatchery  
  18  1:03  Drone  
  18  1:05  Extractor  
  17  1:19  Spawning Pool  
  17  1:21  Drone  
  17  1:29  Drone  
  18  1:50  Hatchery  
  18  1:53  Drone  
  18  1:54  Drone  
  19  2:00  Drone  
  20  2:06  Drone  
  21  2:08  Metabolic Boost  
  21  2:14  Drone  
  22  2:25  Drone x2  
  22  2:29  Queen  
  26  2:33  Drone  
  26  2:35  Drone  
  28  2:41  Evolution Chamber  
  28  2:43  Drone  
  28  2:47  Overlord  
  28  3:03  Zergling x2  
  28  3:04  Zergling x6  
  32  3:10  Zerg Melee Weapons Level 1  
  32  3:12  Zergling x4  
  34  3:16  Drone x2  
  36  3:20  Overlord  
  34  3:37  Zergling x8  
  34  3:38  Zergling x2  
  34  3:40  Queen  
  41  3:44  Drone  
  41  3:45  Drone x2  
  44  3:51  Zergling x6  
  47  3:58  Overlord  
  47  4:03  Drone  
  47  4:04  Drone  
  49  4:16  Queen  
  51  4:31  Zergling x4  
  51  4:32  Zergling x10  
  51  4:33  Zergling x2  
  58  4:40  Overlord  
  56  4:50  Zergling x6  
  57  4:58  Queen  
  59  5:02  Lair  
  59  5:03  Zergling x6  
  59  5:04  Zerg Ground Armor Level 1  
  59  5:06  Drone  
  59  5:07  Drone x2  
  65  5:18  Extractor  
  65  5:19  Hatchery, Overlord x3  
  63  5:24  Extractor  
  62  5:38  Zergling x6  
  62  5:39  Zergling x10  
  70  5:45  Drone  
  70  5:46  Drone x2  
  70  5:47  Drone  
  74  6:02  Zergling x8  
  78  6:08  Drone x2  
  80  6:18  Spore Crawler  
  79  6:26  Overlord x3  
  79  6:27  Overlord  
  78  7:06  Zergling x14  
  78  7:07  Zergling x16  
  78  7:08  Zergling x2  
  90  7:24  Zergling x2  
  90  7:25  Zergling x10  
  91  7:57  Zergling x12  
  91  7:58  Zergling x6  
Show
View Real Time Build Order
Export as new Build Order

helpy Zerg 

Build Orders: Pool First 

Get SALT Encoding   

  12  0:19  Spawning Pool  
  11  0:22  Drone  
  11  0:27  Drone  
  13  0:31  Drone  
  14  0:42  Overlord  
  14  1:06  Zergling x2  
  14  1:07  Zergling x4  
  17  1:11  Queen  
  17  1:18  Zergling x2  
  20  1:35  Zergling x2  
  20  1:38  Hatchery  
  20  1:42  Extractor  
  19  1:53  Overlord  
  19  1:57  Drone  
  18  2:26  Zergling x10  
  23  2:40  Drone x2  
  22  3:03  Zergling x2  
  22  3:04  Zergling x10  
  23  3:06  Queen  
  25  3:15  Zergling x4  
  25  3:18  Metabolic Boost  
  21  3:36  Drone  
  21  3:37  Drone x3  
  25  3:51  Zergling x8  
  30  3:55  Drone x2  
  31  4:13  Zergling x2  
  31  4:14  Zergling x8  
  36  4:22  Baneling Nest  
  35  4:30  Drone  
  35  4:31  Overlord  
  36  4:33  Overlord  
  36  4:47  Roach Warren  
  36  4:51  Drone x4  
  40  4:53  Drone  
  38  5:16  Lair  
  38  5:19  Extractor x2  
  36  5:29  Roach  
  36  5:30  Hatchery, Roach  
  36  5:31  Roach  
  32  5:38  Drone x2  
  32  5:41  Drone  
  33  5:51  Drone x3  
  33  5:54  Drone  
  37  6:06  Queen  
  37  6:09  Drone  
  37  6:10  Drone  
  40  6:17  Roach  
  40  6:19  Roach  
  40  6:24  Glial Reconstitution  
  42  6:27  Drone  
  42  6:29  Drone  
  42  6:32  Drone  
  45  6:34  Drone  
  45  6:36  Drone  
  45  6:39  Drone  
  48  6:41  Drone  
  48  6:43  Drone  
  50  7:03  Drone x5  
  50  7:04  Drone x3  
  58  7:11  Overlord  
  58  7:12  Overlord  
  58  7:30  Overlord x3  
  58  7:32  Roach x2  
  58  7:33  Roach  
  58  7:34  Hydralisk Den  
  58  7:35  Drone  
  64  7:38  Drone x2, Extractor  
  64  7:40  Drone  
  66  7:44  Queen  
  68  7:56  Roach x2  
  74  7:58  Roach  
  74  8:01  Roach  
  74  8:03  Roach  
  78  8:06  Roach  
  78  8:08  Roach  
Show
View Real Time Build Order
Export as new Build Order

MIRLOIV Zerg 

Build Orders: Hatch First 

Get SALT Encoding   

  12  1:35  Hatchery  
  12  1:38  Drone x3  
  14  1:59  Extractor  
  13  2:04  Spawning Pool, Drone  
  13  2:05  Drone  
  13  2:06  Hatchery  
  13  2:42  Extractor  
  12  2:54  Zergling x4  
  12  2:55  Zergling x4  
  12  2:58  Extractor  
  15  3:09  Spine Crawler  
  15  3:10  Queen  
  15  3:11  Spine Crawler  
  15  3:12  Drone x2  
  17  3:17  Drone x2  
  19  3:29  Spine Crawler, Metabolic Boost  
  19  3:33  Spine Crawler  
  17  3:43  Zergling x6  
  20  4:07  Roach Warren  
  20  4:09  Drone  
  20  4:16  Overlord  
  20  4:33  Queen, Spine Crawler  
  21  4:46  Drone x2  
  23  5:03  Drone x3  
  26  5:21  Roach  
  28  5:23  Overlord  
  28  5:42  Drone x5  
  33  6:05  Roach  
  33  6:08  Overlord  
  33  6:09  Overlord  
  35  6:14  Lair  
  35  6:20  Evolution Chamber  
  34  6:37  Roach x3  
  34  6:38  Roach  
  42  6:52  Roach  
  42  6:53  Roach x3  
  49  7:22  Roach  
  50  7:23  Overlord x2  
  49  7:39  Roach  
  49  7:42  Overlord  
  49  7:43  Overlord  
Show
View Real Time Build Order
Export as new Build Order

xxxDOCTORxxx Protoss 

Build Orders:  

Get SALT Encoding   

  12  0:01  Probe  
  13  0:16  Pylon  
  13  0:18  Probe  
  14  0:28  Assimilator  
  14  0:31  Probe  
  15  0:51  Probe  
  16  1:09  Nexus  
  16  1:20  Forge  
  16  1:22  Probe  
  17  1:35  Probe  
  18  1:45  Assimilator  
  19  1:47  Probe  
  19  1:51  Gateway  
  19  1:59  Probe  
  19  2:00  Pylon  
  20  2:10  Assimilator  
  20  2:22  Assimilator, Probe  
  21  2:34  Probe  
  22  2:39  Pylon  
  22  2:46  Probe  
  22  2:50  Pylon  
  23  2:58  Probe  
  24  3:10  Probe  
  24  3:12  Cybernetics Core  
  25  3:19  Protoss Shields Level 1  
  25  3:25  Photon Cannon  
  25  3:26  Photon Cannon  
  25  3:29  Photon Cannon  
  25  3:37  Photon Cannon  
  25  3:41  Photon Cannon  
  25  3:57  Stargate  
  25  4:11  Probe  
  26  4:23  Probe  
  27  4:25  Stargate  
  27  4:34  Sentry  
  27  4:35  Probe  
  30  4:44  Protoss Air Weapons Level 1  
  30  5:00  Adept  
  32  5:17  Fleet Beacon  
  32  5:23  Void Ray  
  36  5:30  Stalker  
  38  5:52  Void Ray  
  42  6:06  Void Ray  
  46  6:16  Stargate  
  46  6:20  Stargate  
  46  6:29  Photon Cannon  
  46  6:34  Pylon  
  46  6:56  Tempest, Carrier  
  57  7:14  Photon Cannon  
  57  7:17  Photon Cannon  
  69  8:34  Pylon  
Tags
 
Add a new tag
Caveats
  • Supply blocks, unpowered buildings, or Contaminate may cause inaccurate times.
  • Supply counts are checked every 10 seconds.